 Dungeon Crawl Stone Soup version 0.22-a0-183-g9e71ff9 (webtiles) character file.

21344 wolfsongas the Cleaver (level 12, -1/114 HPs)
             Began as a Deep Dwarf Fighter on Feb 14, 2018.
             Was a Priest of Makhleb.
             Slain by a 19-headed hydra (6 damage)
             ... on level 2 of the Lair of Beasts.
             The game lasted 00:33:14 (10139 turns).

wolfsongas the Cleaver (Deep Dwarf Fighter)        Turns: 10139, Time: 00:33:15

Health: -1/114     AC: 18    Str: 24    XL:     12   Next: 53%
Magic:  12/12      EV:  6    Int: 10    God:    Makhleb [***...]
Gold:   740        SH: 20    Dex: 11    Spells: 11/11 levels left

rFire    + . .     SeeInvis .   x - +5 war axe of Law {vamp, +Rage rF+ Dex-3}
rCold    . . .     Gourm    .   c - +2 shield
rNeg     . . .     Faith    .   r - +0 plate armour
rPois    .         Spirit   .   (helmet restricted)
rElec    .         Reflect  +   o - +0 cloak
rCorr    +         Harm     .   z - +0 pair of gloves
MR       +....                  i - +0 pair of boots
Stlth    ..........             v - +6 amulet of reflection
HPRegen  0.00/turn              a - +2 ring of dexterity
MPRegen  0.13/turn              w - ring of resist corrosion

@: non-regenerating, studying Stealth
A: damage resistance, heal wounds, beak, mutation resistance 1, sense
surroundings 2, no regeneration
a: Heal Wounds, Minor Destruction, Lesser Servant of Makhleb, Renounce Religion,
Evoke Berserk Rage


You were on level 2 of the Lair of Beasts.
You worshipped Makhleb.
Makhleb was most pleased with you.
You were not hungry.

You visited 3 branches of the dungeon, and saw 14 of its levels.
You also visited: Sewer.

You collected 740 gold pieces.

Inventory:

Hand Weapons
 d - a +0 broad axe
 x - the +5 war axe of Law (weapon) {vamp, +Rage rF+ Dex-3}
   (You found it on level 2 of the Lair of Beasts)

   It inflicts no extra harm, but heals its wielder when it wounds a living foe.
   It affects your dexterity (-3).
   It protects you from fire.
   It lets you go berserk.
Armour
 c - a +2 shield (worn)
 i - a +0 pair of boots (worn)
 o - a +0 cloak (worn)
 r - a +0 plate armour (worn)
 z - a +0 pair of gloves (worn)
Jewellery
 a - a +2 ring of dexterity (left hand)
 u - an uncursed amulet of magic regeneration
 v - a +6 amulet of reflection (around neck)
 w - a ring of resist corrosion (right hand)
Wands
 b - a wand of flame (82)
 k - a wand of iceblast (9)
 n - a wand of digging (30)
 t - a wand of disintegration (31)
Scrolls
 e - 4 scrolls of remove curse
 g - 2 scrolls of blinking
 j - 2 scrolls of amnesia
 l - 5 scrolls of magic mapping
 m - 7 scrolls of teleportation
Potions
 h - 6 potions of curing
 p - 3 potions of brilliance
 q - a potion of agility
 s - 4 potions of flight
 A - 3 potions of haste
 B - a potion of heal wounds
Books
 y - a manual of Stealth
Comestibles
 f - 26 rations
 C - 13 chunks of flesh


   Skills:
 + Level 9.3 Fighting
 + Level 12.9 Axes
 + Level 10.1 Armour
 + Level 6.4 Stealth
 + Level 10.2 Shields
 + Level 9.1 Evocations


You had 11 spell levels left.
You didn't know any spells.

Dungeon Overview and Level Annotations

Branches:
Dungeon (11/15)            Temple (1/1) D:7            Lair (2/6) D:9
  Snake (0/4) Lair:2
  Swamp: Lair:2-4    Shoals: Lair:2-4       Orc: D:9-12

Altars:
Ashenzari
Cheibriados
Elyvilon
Fedhas
Gozag
Hepliaklqana
Kikubaaqudgha
Makhleb
Nemelex Xobeh
Okawaru
Qazlal
Sif Muna
Trog
Vehumet
Wu Jian
Yredelemnul
Zin

Shops:
D:4 :   D:5 ?   D:7 [   D:9 =


Innate Abilities, Weirdness & Mutations

You are resistant to damage.
You can heal yourself by infusing magical energy.
You passively map the area around you.
You do not regenerate.
You have a beak for a mouth.
You are somewhat resistant to further mutation.


Message History

The 19-headed hydra bites you.
* * * LOW HITPOINT WARNING * * *
The 19-headed hydra bites you but does no damage.
You block the 19-headed hydra's attack.
The 19-headed hydra bites you but does no damage.
The 19-headed hydra bites you!
* * * LOW HITPOINT WARNING * * *
The 19-headed hydra bites you but does no damage. x2
The 19-headed hydra bites you.
* * * LOW HITPOINT WARNING * * *
The 19-headed hydra bites you!
* * * LOW HITPOINT WARNING * * *
The 19-headed hydra bites you but does no damage.
The 19-headed hydra bites you.
* * * LOW HITPOINT WARNING * * *
The 19-headed hydra bites you!
* * * LOW HITPOINT WARNING * * *
The 19-headed hydra completely misses you.
The 19-headed hydra bites you!
You die...

#. * ...........##* ##...
##.,###.............# #....
#..##...............# ##...
##...#..............####...
#P....................##...
#..#...............<###...
##.#<.....................
#.....................#...
#.......D@.†>......#P.#...
*
##..........)......##.....
#.................###....
#.......(........## #.... ,
* #................# ###..#
##.........?...#.###...##
#..#.........###......#. ,
* *P..##.......###.#.......
** * ,.##...#.# ..........


You could see a 19-headed hydra.

Vanquished Creatures
  5 two-headed ogres
  A tengu warrior (D:10)
  The ghost of lunkers the Martial Artist, a novice OpTm of Okawaru (D:6)
  Maurice (D:9)
  A black mamba (Lair:1)
  Joseph (D:8)
  2 spiny frogs (Lair:1)
  2 komodo dragons (Lair:1)
  5 blink frogs (Lair:2)
  Grinder (D:5)
  4 hippogriffs
  A shadow (D:10)
  A wyvern (D:9)
  16 yaks
  2 basilisks
  Menkaure (D:5)
  Edmund (D:5)
  4 nagas (Lair:2)
  2 water moccasins (Lair:1)
  An acid dragon (D:11)
  2 hell hounds (D:9)
  A porcupine (Lair:1)
  4 sky beasts
  3 ice beasts
  An eye of draining (D:10)
  3 orc warriors
  A phantom (D:7)
  33 wolves (Lair:1)
  A necrophage (D:9)
  4 ogres
  4 centaurs
  3 crocodiles
  5 big kobolds
  Blork the orc (D:6)
  12 bullfrogs
  5 scorpions
  A water moccasin skeleton (D:7)
  18 killer bees
  9 wights
  6 howler monkeys
  5 crimson imps
  A bullfrog zombie (D:6)
  6 hounds
  3 orc priests
  3 jellies
  8 orc wizards
  3 bullfrog skeletons
  A centaur skeleton (D:10)
  Ijyb (D:3)
  4 iguanas
  4 worker ants
  2 worker ant zombies
  14 adders
  10 gnolls
  4 river rats (Sewer)
  2 shadow imps (D:8)
  3 oozes
  An adder skeleton (D:5)
  2 adder zombies
  A worm (D:2)
  4 dart slugs
  4 leopard geckos
  37 orcs
  6 giant cockroaches
  12 goblins
  7 hobgoblins
  18 jackals
  7 quokkas
  5 ball pythons
  7 bats
  9 frilled lizards
  A jackal zombie (D:7)
  25 kobolds
  A leopard gecko skeleton (D:6)
  28 rats
  A fungus (Lair:1)
420 creatures vanquished.

Vanquished Creatures (others)
  A fungus (Lair:2)
  A plant (Lair:2)
2 creatures vanquished.

Grand Total: 422 creatures vanquished

Notes
Turn   | Place    | Note
-------+----------+-------------------------------------------
     0 | D:1      | wolfsongas the Deep Dwarf Fighter began the quest for the Orb.
     0 | D:1      | Reached XP level 1. HP: 20/20 MP: 1/1
   136 | D:1      | Reached XP level 2. HP: 24/27 MP: 2/2
   171 | D:1      | Reached skill level 3 in Axes
   355 | D:1      | Reached XP level 3. HP: 24/34 MP: 3/3
   615 | D:1      | Gained mutation: You are dopey. (Int -2) [potion of mutation]
   615 | D:1      | Gained mutation: You have a beak for a mouth. [potion of mutation]
   615 | D:1      | Gained mutation: You are resistant to hostile enchantments. (MR+) [potion of mutation]
   805 | D:2      | Reached skill level 4 in Axes
   805 | D:2      | Reached XP level 4. HP: 30/42 MP: 4/4
   989 | D:2      | Reached XP level 5. HP: 30/50 MP: 5/5
  1108 | D:2      | Reached skill level 5 in Axes
  1337 | D:3      | Found a glowing drain.
  1346 | Sewer    | Entered a sewer
  1387 | Sewer    | Reached XP level 6. HP: 48/57 MP: 6/6
  1496 | Sewer    | Reached skill level 6 in Axes
  1882 | D:3      | Found a radiant altar of Vehumet.
  1884 | D:3      | Reached skill level 7 in Axes
  1884 | D:3      | Reached XP level 7. HP: 37/66 MP: 7/7
  2148 | D:3      | Noticed Ijyb
  2157 | D:3      | Killed Ijyb
  2784 | D:4      | Got a dazzling scale mail
  2795 | D:4      | Identified the cursed +0 scale mail "Yzuduwkau" {rElec} (You found it on level 4 of the Dungeon)
  2907 | D:4      | Found Moemuon's Book Shoppe.
  3348 | D:5      | Entered Level 5 of the Dungeon
  3368 | D:5      | Reached skill level 5 in Fighting
  3459 | D:5      | Found a white marble altar of Elyvilon.
  3498 | D:5      | Noticed Menkaure
  3503 | D:5      | Killed Menkaure
  3503 | D:5      | Reached skill level 8 in Axes
  3503 | D:5      | Reached XP level 8. HP: 19/74 MP: 8/8
  3504 | D:5      | Found Dumor's Magic Scroll Emporium.
  3511 | D:5      | Found a snail-covered altar of Cheibriados.
  3512 | D:5      | Noticed Grinder
  3517 | D:5      | Noticed Edmund
  3527 | D:5      | Paralysed by Grinder for 7 turns
  3537 | D:5      | Killed Grinder
  3545 | D:5      | Killed Edmund
  4029 | D:6      | Reached skill level 9 in Axes
  4029 | D:6      | Reached skill level 5 in Armour
  4029 | D:6      | Reached skill level 5 in Shields
  4157 | D:6      | Gained mutation: You passively map the area around you. [Deep Dwarf growth]
  4157 | D:6      | Reached XP level 9. HP: 70/82 MP: 9/9
  4324 | D:6      | Noticed lunkers's ghost (novice OpTm)
  4326 | D:6      | Noticed Blork the orc
  4335 | D:6      | Killed Blork the orc
  4338 | D:6      | Killed lunkers's ghost
  4338 | D:6      | Reached skill level 10 in Axes
  4399 | D:6      | Got a transparent long sword {antimagic}
  4400 | D:6      | Identified the cursed +1 long sword "Letom" {antimagic, Dex+2} (You took it off a crimson imp on level 6 of the Dungeon)
  4914 | D:7      | Found an iron altar of Okawaru.
  4976 | D:7      | Lost mutation: You are dopey. (Int -2) [potion of mutation]
  4976 | D:7      | Lost mutation: You are resistant to hostile enchantments. (MR+) [potion of mutation]
  4976 | D:7      | Gained mutation: You are frail. (-10% HP) [potion of mutation]
  4976 | D:7      | Gained mutation: You are somewhat resistant to further mutation. [potion of mutation]
  5008 | D:7      | Reached skill level 1 in Evocations
  5009 | D:7      | Found a staircase to the Ecumenical Temple.
  5045 | D:7      | Found Xoaz Jet's Armour Shop.
  5247 | D:7      | Reached XP level 10. HP: 36/82 MP: 10/10
  5258 | D:7      | Reached skill level 11 in Axes
  5424 | D:8      | Found a shattered altar of Ashenzari.
  5453 | D:8      | Identified the +5 hunting sling of the Slime-mould {velocity, rElec rPois Str-2 Int+6} (You found it on level 8 of the Dungeon)
  5457 | D:8      | Noticed a two-headed ogre
  5645 | D:8      | Killed a two-headed ogre
  5750 | D:8      | Found a sparkling altar of Nemelex Xobeh.
  6171 | D:8      | Noticed Joseph
  6171 | D:8      | HP: 4/84 [Joseph/sling bullet (7)]
  6190 | D:8      | Killed Joseph
  6581 | Temple   | Entered the Ecumenical Temple
  6604 | Temple   | Became a worshipper of Makhleb the Destroyer
  6659 | D:9      | You fall through a shaft for 2 floors!
  6663 | D:11     | Noticed a two-headed ogre
  6664 | D:11     | Reached skill level 5 in Evocations
  6673 | D:11     | Killed a two-headed ogre
  6673 | D:11     | Reached XP level 11. HP: 41/92 MP: 9/11
  6677 | D:11     | Noticed a two-headed ogre
  6684 | D:11     | HP: 4/92 [two-headed ogre/giant spiked club (12)]
  6688 | D:11     | Killed a two-headed ogre
  6709 | D:10     | Entered Level 10 of the Dungeon
  6841 | D:9      | Reached * piety under Makhleb
  6976 | D:9      | Found a staircase to the Lair.
  6981 | D:9      | Lost mutation: You are frail. (-10% HP) [potion of mutation]
  6995 | D:9      | Reached skill level 12 in Axes
  7144 | D:9      | Noticed Maurice
  7150 | D:9      | Killed Maurice
  7168 | D:9      | Found Udiviw's Jewellery Emporium.
  7220 | D:9      | Found a blossoming altar of Fedhas.
  7623 | D:10     | Noticed a two-headed ogre
  7623 | D:10     | Noticed a tengu warrior
  7639 | D:10     | HP: 3/104 [two-headed ogre/giant club (11)]
  7643 | D:10     | Killed a two-headed ogre
  7649 | D:10     | Killed a tengu warrior
  7998 | D:10     | Noticed a two-headed ogre
  8021 | D:10     | Reached ** piety under Makhleb
  8062 | D:10     | Killed a two-headed ogre
  8477 | D:11     | Found a stormy altar of Qazlal.
  8592 | Lair:1   | Entered Level 1 of the Lair of Beasts
  8605 | Lair:1   | Reached skill level 1 in Stealth
  8637 | Lair:1   | Reached XP level 12. HP: 55/112 MP: 12/12
  8677 | Lair:1   | Reached *** piety under Makhleb
  8945 | Lair:1   | Reached skill level 5 in Stealth
  9282 | Lair:1   | Reached skill level 10 in Shields
  9533 | Lair:2   | Noticed an eight-headed hydra
  9556 | Lair:2   | Found a staircase to the Snake Pit.
  9571 | Lair:2   | Reached skill level 10 in Armour
  9650 | Lair:2   | Identified the +5 war axe of Law {vamp, +Rage rF+ Dex-3} (You found it on level 2 of the Lair of Beasts)
  9941 | Lair:2   | Found the +2 robe of Vines {NoPotionHeal Regen+7}
 10139 | Lair:2   | HP: 5/114 [19-headed hydra (5)]
 10139 | Lair:2   | Slain by a 19-headed hydra

Vault maps used:
D:1:      saegor_arrival_simple_b, minmay_tetromino_t4
D:3:      minmay_diamond_boxcup, nicolae_overflow_hidden_temple,
          vehumet_crystals, portal_sewer_entry_d, first_ration,
          grunt_ministairs_11, minivault_26, uniq_ijyb
D:4:      serial_shops, shop, minmay_crystal_water
D:5:      lemuel_doored_altar, basic_altar, serial_shops,
          nicolae_shop_behind_doors, uniq_edmund, uniq_menkaure, uniq_grinder
D:6:      hangedman_cross_stitches, uniq_blork_the_orc
D:7:      overflow_temple_1_default, minmay_temple_entry_from_below_a,
          serial_shops, nicolae_shop_statue_plus
D:8:      nemelex_xobeh_ov_fountains_minmay, nicolae_ashenzari_panopticon,
          blue_anna_alchemist, solitary_fountain, uniq_joseph
D:9:      fedhas_altar_4, minmay_lair_entry_lava, serial_shops,
          nicolae_shop_competitors_out_of_business, uniq_maurice
D:10:     kennysheep_windowed_halls
D:11:     orc_0_dummy, grunt_qazlal_clouds
Temple:   eino_wide_crystal_templ
Lair:1:   serial_bayou_ford_a, grunt_forest_large_clearings
Lair:2:   minmay_snake_entry_guardpost_small, uniq_gastronok
Sewer:    sewer_minmay_treatment

Skill      XL: |  1  2  3  4  5  6  7  8  9 10 11 12 |
---------------+-------------------------------------+-----
Axes           | 3 4 5 7 8 9 10 11 12 | 12.9
Fighting       | 3 4 5 6 7 8 9 |  9.3
Shields        | 4 5 6 8 9 10 | 10.2
Armour         | 4 5 6 8 9 10 | 10.1
Evocations     | 2 5 8 9 |  9.1
Stealth        | 2 6 |  6.4

Action                   |  1- 3 |  4- 6 |  7- 9 | 10-12 || total
-------------------------+-------+-------+-------+-------++-------
Melee: War axe           |   110 |   175 |   395 |   146 ||   826
       Peck              |     3 |    24 |    76 |   119 ||   222
       Broad axe         |       |       |       |   476 ||   476
 Abil: Heal Wounds       |       |     1 |     5 |    17 ||    23
Evoke: Wand              |       |       |     9 |     7 ||    16
  Use: Scroll            |     4 |     6 |    10 |    11 ||    31
       Potion            |     2 |     1 |    13 |    14 ||    30
 Stab: Invisible         |       |       |       |     6 ||     6
  Eat: Chunk             |       |     1 |     4 |     4 ||     9
       Ration            |       |     1 |     2 |     5 ||     8
Armor: Scale mail        |    56 |    48 |   104 |       ||   208
       Plate armour      |       |       |    39 |   478 ||   517
Dodge: Dodged            |    30 |    48 |    92 |   192 ||   362
Block: Shield            |    58 |   101 |   214 |   762 ||  1135
       Reflection        |       |       |       |     4 ||     4

Table legend:
 A = Spawn XP
 B = Non-spawn XP
 C = Spawn XP percentage of total XP
 D = Spawn monster count
 E = Non-spawn monster count
 F = Spawn count percentage of total count
 G = Total turns spent on level
                    A         B        C        D         E        F      G
               +---------+---------+-------+---------+---------+-------+---------
         Total |       0 |   30492 |   0.0 |       0 |     419 |   0.0 | 10139
               +---------+---------+-------+---------+---------+-------+---------
           D:1 |       0 |      58 |   0.0 |       0 |      28 |   0.0 |   652
           D:2 |       0 |     153 |   0.0 |       0 |      28 |   0.0 |   597
           D:3 |       0 |     234 |   0.0 |       0 |      34 |   0.0 |  1014
           D:4 |       0 |     151 |   0.0 |       0 |      12 |   0.0 |   584
           D:5 |       0 |    1090 |   0.0 |       0 |      24 |   0.0 |   652
           D:6 |       0 |    2312 |   0.0 |       0 |      36 |   0.0 |   858
           D:7 |       0 |    1441 |   0.0 |       0 |      31 |   0.0 |   576
           D:8 |       0 |    3162 |   0.0 |       0 |      41 |   0.0 |  1171
           D:9 |       0 |    3144 |   0.0 |       0 |      29 |   0.0 |   801
          D:10 |       0 |    4391 |   0.0 |       0 |      35 |   0.0 |  1027
          D:11 |       0 |    3343 |   0.0 |       0 |      11 |   0.0 |   119
        Lair:1 |       0 |    7713 |   0.0 |       0 |      48 |   0.0 |   949
        Lair:2 |       0 |    2884 |   0.0 |       0 |      14 |   0.0 |   598
         Sewer |       0 |     416 |   0.0 |       0 |      48 |   0.0 |   501
               +---------+---------+-------+---------+---------+-------+---------
